 Dungeon Crawl Stone Soup version 0.22-a0-252-gcace5d2 (webtiles) character file.

7906 nikopol the Thaumaturge (level 11, -1/55 HPs)
             Began as a Deep Elf Fire Elementalist on Mar 1, 2018.
             Was an Elder of Sif Muna.
             Slain by a troll (7 damage)
             ... on level 10 of the Dungeon on Mar 2, 2018.
             The game lasted 00:37:30 (9865 turns).

nikopol the Thaumaturge (DEFE)                      Turns: 9865, Time: 00:37:31

Health: -1/55      AC:  9    Str:  5    XL:     11   Next: 2%
Magic:  29/29      EV: 14    Int: 24    God:    Sif Muna [****..]
Gold:   496        SH:  4    Dex: 15    Spells: 19/34 levels left

rFire    . . .     SeeInvis .   u - staff of conjuration
rCold    . . .     Gourm    .   (no shield)
rNeg     . . .     Faith    .   a - +0 robe
rPois    .         Spirit   .   g - +2 helmet
rElec    .         Reflect  +   s - +2 cloak {MR+}
rCorr    .         Harm     .   p - +0 pair of gloves
MR       ++...                  (no boots)
Stlth    +++.......             m - +4 amulet of reflection
HPRegen  0.18/turn              (no ring)
MPRegen  0.21/turn              (no ring)

@: no status effects
A: no striking features
a: Divine Energy, Channel Magic, Forget Spell, Renounce Religion


You were on level 10 of the Dungeon.
You worshipped Sif Muna.
Sif Muna was greatly pleased with you.
You were not hungry.

You visited 2 branches of the dungeon, and saw 11 of its levels.

You collected 665 gold pieces.
You spent 169 gold pieces at shops.

Inventory:

Armour
 a - a +0 robe (worn)
 g - a +2 helmet (worn)
 p - a +0 pair of gloves (worn)
 s - a +2 cloak of magic resistance (worn)
Magical Staves
 l - an uncursed staff of wizardry
 u - an uncursed staff of conjuration (weapon)
Jewellery
 m - a +4 amulet of reflection (around neck)
 x - an uncursed ring of see invisible {unknown}
Wands
 o - a wand of iceblast (6)
 q - a wand of flame (76)
 r - a wand of disintegration (15)
 v - a wand of random effects (52)
Scrolls
 c - 2 scrolls of noise {unknown}
 f - 5 scrolls of remove curse
 i - 2 scrolls of fog {unknown}
 t - 6 scrolls of teleportation
 w - 2 scrolls of blinking {unknown}
 y - a scroll of holy word {unknown}
 A - 2 scrolls of fear {unknown}
 B - a scroll of enchant weapon {unknown}
 D - a scroll of random uselessness {unknown}
Potions
 b - 7 potions of lignification
 e - 2 potions of curing
 h - 3 potions of heal wounds
 j - 3 potions of ambrosia
 k - a potion of flight
 z - 2 potions of brilliance {unknown}
 C - a potion of agility {unknown}
Comestibles
 d - 5 chunks of flesh
 n - 19 rations


   Skills:
 + Level 0.5 Fighting
 + Level 3.7 Dodging
 + Level 4.2 Stealth
 + Level 1.0 Unarmed Combat
 + Level 12.3 Spellcasting
 + Level 10.2 Conjurations
 + Level 11.1 Fire Magic
 + Level 0.6 Evocations


You had 19 spell levels left.
You knew the following spells:

 Your Spells              Type           Power        Failure   Level  Hunger
a - Flame Tongue          Conj/Fire      #####        1%          1    None
b - Throw Flame           Conj/Fire      ######       1%          2    None
c - Conjure Flame         Conj/Fire      #######.     1%          3    None
d - Sticky Flame          Conj/Fire      #######.     1%          4    None
e - Fireball              Conj/Fire      #######...   1%          5    ###....


Dungeon Overview and Level Annotations

Branches:
Dungeon (10/15)            Temple (1/1) D:5
   Lair: D:8-11         Orc: D:9-12

Altars:
Ashenzari
Cheibriados
Elyvilon
Fedhas
Gozag
Hepliaklqana
Kikubaaqudgha
Makhleb
Nemelex Xobeh
Qazlal
Ru
Sif Muna
Trog
Uskayaw
Vehumet
Wu Jian
Xom
Yredelemnul
Zin
The Shining One

Shops:
D:5 ?

Annotations:
D:10 Joseph


Message History

The troll is heavily wounded.
You climb upwards.
There is a stone staircase leading down here.
You start resting.
Magic restored.
There is a stone staircase leading down here.
You climb downwards.
Level annotation: Joseph The troll barely misses you.
The troll claws you! The troll barely misses you.
The acid dragon spits acid at you. The splash of acid hits you!
You are splashed with acid!
The acid burns!
The troll closely misses you. The troll claws you.
* * * LOW HITPOINT WARNING * * *
The troll closely misses you.
Joseph shouts!
There is a stone staircase leading up, spattered with blood here.
Joseph hits you with a quarterstaff!
* * * LOW HITPOINT WARNING * * *
The troll bites you!
You die...

... ##...# .....#
#....# #...
###########.#
...........@#######
)..=......T@D......
.........<รท).......
###############....
... .


You could see Joseph, a troll and an acid dragon.

Vanquished Creatures
  4 two-headed ogres
  Pikel (D:7)
  Grum (D:9)
  2 hungry ghosts
  Purgy (D:4)
  3 orc warriors
  A phantom (D:7)
  4 sky beasts
  8 ogres
  4 ice beasts
  4 necrophages
  A black bear (D:7)
  4 wolves (D:9)
  A centaur (D:7)
  A crocodile (D:10)
  A big kobold (D:8)
  Blork the orc (D:5)
  A bullfrog (D:6)
  A water moccasin skeleton (D:7)
  4 scorpions
  2 howler monkeys (D:9)
  2 crimson imps
  A centaur zombie (D:9)
  A quasit (D:5)
  2 hounds (D:5)
  A jelly (D:9)
  9 orc wizards
  9 orc priests
  Crazy Yiuf (D:4)
  2 bullfrog skeletons
  2 iguanas
  2 worker ants
  A hound zombie (D:9)
  A worker ant zombie (D:5)
  4 gnolls (D:6)
  12 adders
  A shadow imp (D:10)
  2 adder skeletons
  5 worms
  4 dart slugs
  8 leopard geckos
  27 orcs
  3 ball pythons
  5 giant cockroaches
  7 goblins
  7 hobgoblins
  7 jackals
  15 kobolds
  A quokka (D:2)
  A ball python zombie (D:5)
  6 bats
  5 frilled lizards
  2 leopard gecko skeletons
  18 rats
224 creatures vanquished.

Vanquished Creatures (others)
  A wight (D:10)
1 creature vanquished.

Grand Total: 225 creatures vanquished

Notes
Turn   | Place    | Note
-------+----------+-------------------------------------------
     0 | D:1      | nikopol the Deep Elf Fire Elementalist began the quest for the Orb.
     0 | D:1      | Reached XP level 1. HP: 10/10 MP: 6/6
    82 | D:1      | Reached XP level 2. HP: 15/15 MP: 0/8
   460 | D:1      | Learned a level 2 spell: Throw Flame
   631 | D:1      | Reached XP level 3. HP: 19/19 MP: 2/10
  1062 | D:2      | Learned a level 3 spell: Conjure Flame
  1344 | D:2      | Found a stormy altar of Qazlal.
  1345 | D:2      | Found a hazy altar of Hepliaklqana.
  1541 | D:2      | Reached XP level 4. HP: 21/24 MP: 5/11
  1547 | D:2      | Learned a level 4 spell: Sticky Flame
  1568 | D:2      | Reached skill level 4 in Spellcasting
  2217 | D:3      | Found a snail-covered altar of Cheibriados.
  2360 | D:3      | Noticed an ogre
  2364 | D:3      | Killed an ogre
  2364 | D:3      | Reached XP level 5. HP: 28/28 MP: 3/14
  2680 | D:3      | Reached skill level 5 in Fire Magic
  2681 | D:3      | Reached skill level 5 in Spellcasting
  3350 | D:4      | Reached XP level 6. HP: 32/32 MP: 10/15
  3365 | D:4      | Learned a level 5 spell: Fireball
  3447 | D:4      | Noticed Purgy
  3456 | D:4      | Killed Purgy
  3622 | D:4      | Reached XP level 7. HP: 32/36 MP: 3/17
  3771 | D:4      | Found a runed door.
  3775 | D:4      | Noticed Crazy Yiuf
  3782 | D:4      | Killed Crazy Yiuf
  3782 | D:4      | Reached skill level 6 in Spellcasting
  3903 | D:5      | Entered Level 5 of the Dungeon
  4142 | D:5      | Noticed Blork the orc
  4161 | D:5      | Killed Blork the orc
  4477 | D:5      | Found Magug's Magic Scroll Boutique.
  4488 | D:5      | Bought a scroll of remove curse for 39 gold pieces
  4488 | D:5      | Bought a scroll of identify for 26 gold pieces
  4488 | D:5      | Bought a scroll of teleportation for 39 gold pieces
  4488 | D:5      | Bought a scroll of teleportation for 39 gold pieces
  4495 | D:5      | Bought a scroll of identify for 26 gold pieces
  4534 | D:5      | Reached skill level 7 in Spellcasting
  4747 | D:5      | Found a staircase to the Ecumenical Temple.
  4756 | Temple   | Entered the Ecumenical Temple
  4764 | Temple   | Became a worshipper of Sif Muna the Loreminder
  4835 | D:5      | Reached XP level 8. HP: 41/41 MP: 2/21
  5038 | D:6      | Reached skill level 8 in Spellcasting
  5038 | D:6      | Reached skill level 5 in Conjurations
  5048 | D:6      | Reached skill level 1 in Unarmed Combat
  5344 | D:6      | Reached * piety under Sif Muna
  5659 | D:6      | Found an ornate altar of the Wu Jian Council.
  5951 | D:6      | Found a sacrificial altar of Ru.
  5969 | D:6      | Reached skill level 9 in Spellcasting
  6103 | D:6      | Found an ancient bone altar of Kikubaaqudgha.
  6111 | D:6      | Found a shimmering altar of Xom.
  6114 | D:6      | Found a blossoming altar of Fedhas.
  6117 | D:6      | Found a basalt altar of Yredelemnul.
  6441 | D:7      | Reached XP level 9. HP: 45/45 MP: 17/24
  6563 | D:7      | Noticed Pikel
  6578 | D:7      | Killed Pikel
  6578 | D:7      | Reached ** piety under Sif Muna
  6850 | D:7      | Reached skill level 10 in Spellcasting
  7276 | D:8      | Noticed a two-headed ogre
  7278 | D:8      | Noticed a two-headed ogre
  7285 | D:8      | Killed a two-headed ogre
  7285 | D:8      | Killed a two-headed ogre
  7285 | D:8      | Reached *** piety under Sif Muna
  7285 | D:8      | Reached skill level 11 in Spellcasting
  7285 | D:8      | Reached XP level 10. HP: 51/51 MP: 0/27
  7801 | D:8      | Got a bloodstained leather armour
  7812 | D:8      | Identified the cursed +0 leather armour of the Duchess {Dex+4} (You found it on level 8 of the Dungeon)
  8019 | D:8      | Found a glowing silver altar of Zin.
  8164 | D:8      | Found a radiant altar of Vehumet.
  8282 | D:9      | Reached skill level 10 in Fire Magic
  8318 | D:9      | Found a white marble altar of Elyvilon.
  8678 | D:9      | Noticed a two-headed ogre
  8698 | D:9      | Killed a two-headed ogre
  8714 | D:9      | Reached **** piety under Sif Muna
  8714 | D:9      | Reached skill level 12 in Spellcasting
  9121 | D:9      | Noticed Grum
  9146 | D:9      | Killed Grum
  9365 | D:9      | Found a shattered altar of Ashenzari.
  9533 | D:10     | Entered Level 10 of the Dungeon
  9546 | D:10     | Reached skill level 10 in Conjurations
  9708 | D:10     | Noticed a two-headed ogre
  9711 | D:10     | Killed a two-headed ogre
  9711 | D:10     | Reached XP level 11. HP: 55/55 MP: 12/29
  9719 | D:10     | Noticed Joseph
  9865 | D:10     | Slain by a troll

Vault maps used:
D:1:      dpeg_arrival_lava_temple_mockup
D:2:      gammafunk_temple_overflow_pools
D:3:      kennysheep_slug_shrine
D:4:      uniq_purgy, uniq_crazy_yiuf_cottage
D:5:      minmay_temple_entry_statues, serial_shops, shop, first_ration,
          solitary_fountain, grunt_ministairs_6, kennysheep_generic_room_15,
          uniq_blork_the_orc
D:6:      wad_pebble_path, marbit_many_paths, grunt_temple_overflow_cloverleaf,
          st_stairs_4, grunt_decor_arrowhead, hangedman_ru_absence
D:7:      grunt_decor_clamped, uniq_pikel
D:8:      vehumet_altar_wand_db, overflow_temple_1_default
D:9:      ashenzari_altar_1, elyvilon_altar_3, uniq_grum
D:10:     lair_entry_dummy, david_orc_5, hangedman_stone_soup,
          minmay_guarded_unrand_resistance, uniq_joseph
Temple:   eino_temple_lava

Skill      XL: |  1  2  3  4  5  6  7  8  9 10 |
---------------+-------------------------------+-----
Fire Magic     | 4 5 6 8 9 11 | 11.1
Conjurations   | 2 3 4 6 8 10 | 10.2
Spellcasting   | 4 5 7 9 11 12 | 12.3
Stealth        | 3 4 |  4.2
Dodging        | 3 |  3.7
Unarmed Combat | 1 |  1.0
Fighting       | |  0.5
Evocations     | |  0.6

Action                   |  1- 3 |  4- 6 |  7- 9 | 10-12 || total
-------------------------+-------+-------+-------+-------++-------
Melee: Unarmed           |       |       |    21 |       ||    21
       Staff             |       |       |       |     1 ||     1
 Cast: Flame Tongue      |    94 |    87 |   147 |   141 ||   469
       Throw Flame       |       |    11 |    21 |    20 ||    52
       Sticky Flame      |       |     3 |    12 |     6 ||    21
       Conjure Flame     |       |     4 |    10 |     5 ||    19
       Fireball          |       |       |     9 |     9 ||    18
Evoke: Wand              |       |       |       |     4 ||     4
  Use: Scroll            |       |       |     7 |     1 ||     8
  Eat: Chunk             |     2 |     3 |    12 |    10 ||    27
       Ration            |       |     1 |       |       ||     1
Armor: Robe              |     7 |     3 |    16 |     8 ||    34
Dodge: Dodged            |    25 |    13 |    29 |    22 ||    89
Block: Other             |       |     1 |    11 |     2 ||    14
       Reflection        |       |     1 |       |       ||     1

Table legend:
 A = Spawn XP
 B = Non-spawn XP
 C = Spawn XP percentage of total XP
 D = Spawn monster count
 E = Non-spawn monster count
 F = Spawn count percentage of total count
 G = Total turns spent on level
                    A         B        C        D         E        F      G
               +---------+---------+-------+---------+---------+-------+---------
         Total |       0 |   11295 |   0.0 |       0 |     225 |   0.0 |  9865
               +---------+---------+-------+---------+---------+-------+---------
           D:1 |       0 |      61 |   0.0 |       0 |      33 |   0.0 |   965
           D:2 |       0 |      62 |   0.0 |       0 |      21 |   0.0 |  1121
           D:3 |       0 |     192 |   0.0 |       0 |      25 |   0.0 |  1068
           D:4 |       0 |     467 |   0.0 |       0 |      16 |   0.0 |   786
           D:5 |       0 |     803 |   0.0 |       0 |      21 |   0.0 |  1090
           D:6 |       0 |    1071 |   0.0 |       0 |      29 |   0.0 |  1258
           D:7 |       0 |    1425 |   0.0 |       0 |      11 |   0.0 |   971
           D:8 |       0 |    2762 |   0.0 |       0 |      23 |   0.0 |  1003
           D:9 |       0 |    3069 |   0.0 |       0 |      36 |   0.0 |  1531
          D:10 |       0 |    1383 |   0.0 |       0 |      10 |   0.0 |    55
               +---------+---------+-------+---------+---------+-------+---------
